 Dungeon Crawl Stone Soup version 0.24.1-14-gf8d2b509d9 (webtiles) character file.

Game seed: 13161216293279757364, levelgen mode: deterministic

160 KlarStein the Skirmisher (level 5, -12/42 HPs)
             Began as a Demonspawn Fighter on July 11, 2020.
             Engulfed by Ijyb's freezing vapour (14 damage)
             ... on level 3 of the Dungeon.
             The game lasted 00:10:36 (2489 turns).

KlarStein the Skirmisher (Demonspawn Fighter)       Turns: 2489, Time: 00:10:36

Health: -12/42     AC: 12    Str: 17    XL:     5   Next: 17%
Magic:  5/5        EV:  7    Int:  9    God:
Gold:   177        SH:  9    Dex: 16    Spells: 4/4 levels left

rFire    . . .     SeeInvis .   a - +0 long sword
rCold    . . .     Gourm    .   c - +0 shield
rNeg     + . .     Faith    .   b - +0 scale mail
rPois    .         Spirit   .   j - +0 helmet
rElec    .         Reflect  .   u - +0 cloak
rCorr    .         Harm     .   n - +0 pair of gloves
MR       .....                  (no boots)
Stlth    ..........             (no amulet)
HPRegen  0.14/turn              l - +3 ring of dexterity
MPRegen  0.09/turn              g - ring of positive energy

@: no status effects
A: yellow scales 1, rot immunity
a: no special abilities


You were on level 3 of the Dungeon.
You were not hungry.

You visited 1 branch of the dungeon, and saw 3 of its levels.

You collected 177 gold pieces.

Inventory:

Hand Weapons
 a - a +0 long sword (weapon)
 m - a +1 mace of crushing
 p - a +2 dagger of flaming
Armour
 b - a +0 scale mail (worn)
 c - a +0 shield (worn)
 j - a +0 helmet (worn)
 n - a +0 pair of gloves (worn)
 u - a +0 cloak (worn)
Jewellery
 g - a ring of positive energy (right hand)
 l - a +3 ring of dexterity (left hand)
 v - an uncursed ring of protection from fire {unknown}
 x - a cursed ring of teleportation {unknown}
 B - an uncursed ring of protection from fire {unknown}
Wands
 t - a wand of polymorph (4)
 A - a wand of acid (8)
Scrolls
 o - a scroll of remove curse
Potions
 d - 2 potions of might
 e - a potion of haste {unknown}
 h - a potion of curing {unknown}
 i - a potion of flight {unknown}
 k - a potion of cancellation {unknown}
 s - a potion of degeneration {unknown}
 z - 2 potions of mutation {unknown}
Comestibles
 f - 5 rations


   Skills:
 + Level 3.7 Fighting
 * Level 3.4 Long Blades
 + Level 3.3 Armour
 + Level 3.3 Shields


You had 4 spell levels left.
You didn't know any spells.
Your spell library was empty.

Dungeon Overview and Level Annotations

Branches:
Dungeon (3/15)

Altars:

Annotations:
D:3 Ijyb


Innate Abilities, Weirdness & Mutations

You are partially covered in yellow scales. (AC +2)
You are immune to rotting.


Message History

Ijyb is lightly wounded.
Ijyb hits you but does no damage.
You barely miss Ijyb.
Ijyb is lightly wounded.
Ijyb zaps a wand.
Ijyb creates a blast of freezing vapour!
You closely miss Ijyb.
Ijyb is lightly wounded.
You are engulfed in freezing vapours.
Ijyb hits you but does no damage.
Okay, then.
You hit Ijyb.
Ijyb is lightly wounded.
You are engulfed in freezing vapours.
Ouch! That really hurt!
* * * LOW HITPOINT WARNING * * *
Ijyb zaps a wand.
Ijyb creates a blast of flame!
You barely miss Ijyb.
Ijyb is lightly wounded.
You are engulfed in freezing vapours.
You die...

#........#,.r...* #........
#........#......*##.#......
#.......g'..g...*#.........
#.......##..w...*###.##....
####.......##,...$.* #.......
#......##...+,,r...* #.#####.
#......##.###,,,...* #.......
#......##.###################.
#......'...wg@ยงยงยง..##.........
#......###.#######.##.###.....
#......# #.# ####.#..# #....<
#......###.# #....#.## #....>
###......'<..# #.####.# ###'##
#........##### #.# #.######.#
#...[....# #.# #........#
#........########.########....##
#........#.#.#.#.#.#.#.#.#....'#


You could see Ijyb and a dart slug.

Vanquished Creatures
  3 gnolls
  6 adders
  An ooze (D:3)
  3 worms
  A dart slug (D:1)
  2 leopard geckos (D:1)
  An orc (D:3)
  A ball python (D:2)
  3 giant cockroaches
  9 goblins
  3 hobgoblins
  5 jackals (D:3)
  A kobold (D:3)
  9 bats
  4 frilled lizards
  8 rats
60 creatures vanquished.

Notes
Turn   | Place    | Note
-------+----------+-------------------------------------------
     0 | D:1      | KlarStein the Demonspawn Fighter began the quest for the
                  | Orb.
     0 | D:1      | Reached XP level 1. HP: 18/18 MP: 1/1
   257 | D:1      | Gained mutation: You are immune to rotting. [demonic
                  | ancestry]
   257 | D:1      | Reached XP level 2. HP: 24/24 MP: 2/2
   763 | D:2      | Gained mutation: You are partially covered in yellow
                  | scales. (AC +2) [demonic ancestry]
   763 | D:2      | Reached XP level 3. HP: 26/29 MP: 3/3
  1542 | D:3      | Reached XP level 4. HP: 29/35 MP: 4/4
  2093 | D:2      | Reached XP level 5. HP: 25/42 MP: 5/5
  2468 | D:3      | Noticed Ijyb
  2488 | D:3      | HP: 2/42 [Ijyb] (24)]
  2489 | D:3      | Engulfed by Ijyb's freezing vapour

Levels and vault maps discovered:
D:1:      matt_arrival_spirals, layout_basic
D:2:      layout_basic, skrybe_limestone_x
D:3:      layout_basic, first_ration, corner_web_ring, uniq_ijyb

Skill      XL: |  1  2  3  4 |
---------------+-------------+-----
Long Blades    | 2 3 |  3.4
Armour         | 3 |  3.3
Shields        | 3 |  3.3
Fighting       | |  3.7

Action                   |  1- 3 |  4- 6 || total
-------------------------+-------+-------++-------
Melee: Long sword        |   129 |    98 ||   227
  Use: Scroll            |     1 |     6 ||     7
  Eat: Ration            |     1 |       ||     1
       Chunk             |       |     2 ||     2
Armor: Scale mail        |    54 |    49 ||   103
Dodge: Dodged            |    30 |    34 ||    64
Block: Shield            |    54 |    55 ||   109
       Rpst.: Long sword |     5 |    11 ||    16
